 Dungeon Crawl Stone Soup version 0.26-a0-519-gb2f46efeda (webtiles) character file.

Game seed: 15687117416276923279

69 BritishOli the Skirmisher (level 4, 35/35 HPs)
             Began as a Demonspawn Fighter on Aug 5, 2020.
             Quit the game on level 3 of the Dungeon on Aug 10, 2020.
             The game lasted 00:01:28 (2035 turns).

BritishOli the Skirmisher (Demonspawn Fighter)      Turns: 2035, Time: 00:01:28

Health: 35/35      AC: 11    Str: 18    XL:     4   Next: 2%
Magic:  4/4        EV:  3    Int:  9    God:
Gold:   113        SH:  9    Dex: 12    Spells: 3/3 levels left

rFire    . . .     SeeInvis .   a - +0 long sword
rCold    + . .     Faith    .   c - +0 kite shield
rNeg     . . .     Spirit   .   j - +0 plate armour (curse)
rPois    .         Reflect  .   (no helmet)
rElec    .         Harm     .   (no cloak)
rCorr    .                      (no gloves)
MR       .....                  (no boots)
Stlth    ..........             (no amulet)
HPRegen  0.11/turn              (no ring)
MPRegen  0.09/turn              (no ring)

@: no status effects
A: cold resistance 1, rot immunity
a: no special abilities


You were on level 3 of the Dungeon.
You visited 1 branch of the dungeon, and saw 3 of its levels.

You collected 113 gold pieces.

Inventory:

Hand Weapons
 a - a +0 long sword (weapon)
Armour
 b - a +0 scale mail
 c - a +0 kite shield (worn)
 j - a cursed +0 plate armour (worn)
Scrolls
 e - 4 scrolls of identify {unknown}
 f - 4 scrolls of magic mapping {unknown}
 g - a scroll of random uselessness {unknown}
 h - a scroll of enchant armour {unknown}
 i - 2 scrolls of remove curse {unknown}
 l - a scroll of teleportation {unknown}
Potions
 d - a potion of might
 k - a potion of curing {unknown}


   Skills:
 + Level 3.5 Fighting
 + Level 2.4 Long Blades
 + Level 3.2 Armour
 + Level 3.2 Shields


You had 3 spell levels left.
You didn't know any spells.
Your spell library was empty.

Dungeon Overview and Level Annotations

Branches:
Dungeon (3/15)

Altars:

Annotations:
D:3 2 transporters


Innate Abilities, Weirdness & Mutations

Your flesh is cold resistant. (rC+)
You are immune to rotting.


Message History

You closely miss the ball python.
The ball python bites you but does no damage.
The ball python constricts you.
The ball python bites you but does no damage.
The ball python constricts you.
There are monsters nearby!
You barely miss the ball python.
The ball python bites you but does no damage.
The ball python constricts you.
You slash the ball python!
You kill the ball python!
You have reached level 4!
You feel stronger. The rat barely misses you.
You riposte.
You slash the rat!
You kill the rat!
Found a robe.
Level annotation: 2 transporters Welcome back, BritishOli the Demonspawn Fighter.
Press ? for a list of commands and other information.
Are you sure you want to abandon this character and quit the game? (Confirm with "yes".)

..[ .. .### ##...##
##.....## #.......#
#.......# #@......#
##.....## ##.....###
#........##....##
#.......[#.....#8P
#........#.....#≈.
##.........(...###
##.†..#.#.....#.≈
#######..##.#.....#.≈


There were no monsters in sight!

Vanquished Creatures
  3 adders (D:2)
  A worm (D:2)
  2 dart slugs (D:1)
  A leopard gecko (D:1)
  A ball python (D:3)
  5 bats
  3 goblins
  4 hobgoblins
  4 frilled lizards
  4 kobolds
  9 rats
37 creatures vanquished.

Notes
Turn   | Place    | Note
-------+----------+-------------------------------------------
     0 | D:1      | BritishOli the Demonspawn Fighter began the quest for the
                  | Orb.
     0 | D:1      | Reached XP level 1. HP: 18/18 MP: 1/1
    45 | D:1      | Gained mutation: You are immune to rotting. [demonic
                  | ancestry]
    45 | D:1      | Reached XP level 2. HP: 21/24 MP: 2/2
  1148 | D:2      | Gained mutation: Your flesh is cold resistant. (rC+)
                  | [demonic ancestry]
  1148 | D:2      | Reached XP level 3. HP: 6/29 MP: 3/3
  1160 | D:2      | HP: 2/43 [poisoned by an adder]
  1168 | D:2      | HP: 2/43 [poisoned by an adder]
  1983 | D:3      | Found a transporter.
  1983 | D:3      | Found a transporter.
  2026 | D:3      | Reached XP level 4. HP: 35/35 MP: 4/4
  2035 | D:3      | Upgraded the game from 0.26-a0-497-g0187308201 to
                  | 0.26-a0-519-gb2f46efeda
  2035 | D:3      | Quit the game

Illustrated notes

Levels and vault maps discovered:
D:1:      minmay_arrival_three_doors, layout_basic, glass_columns_a
D:2:      layout_basic, minivault_26
D:3:      gammafunk_wand_slinger, layout_rooms, uniq_crazy_yiuf_cottage

Skill      XL: |  1  2 |
---------------+-------+-----
Long Blades    | 2 |  2.4
Armour         | 3 |  3.2
Shields        | 3 |  3.2
Fighting       | |  3.5

Action                   |  1- 3 |  4- 6 || total
-------------------------+-------+-------++-------
Melee: Long sword        |   130 |       ||   130
  Use: Potion            |     1 |       ||     1
Armor: Scale mail        |    71 |       ||    71
       Plate armour      |     7 |       ||     7
Dodge: Dodged            |    46 |     1 ||    47
Block: Kite shield       |    81 |       ||    81
       Rpst.: Long sword |    14 |     1 ||    15

Table legend: (Time is in decaauts)
 A = Elapsed time spent in this place.
 B = Non-inter-level travel time spent in this place.
 C = Inter-level travel time spent in this place.
 D = Time resting spent in this place.
 E = Time spent auto-exploring this place.
 F = Levels seen in this place.
 G = Mean time per level.
                   A        B        C        D        E       F      G
               +--------+--------+--------+--------+--------+-----+--------+
         Total |   2082 |   2021 |     61 |    537 |   1202 |   3 |  694.0 |
       Dungeon |   2082 |   2021 |     61 |    537 |   1202 |   3 |  694.0 |
               +--------+--------+--------+--------+--------+-----+--------+

Top non-repeatable levels by time:
     D:2: 1392 daAuts
     D:1: 632 daAuts
     D:3: 58 daAuts
